 Dungeon Crawl Stone Soup version 0.22-a0-224-g8cf3520 (webtiles) character file.

74 Gorglomux the Skirmisher (level 4, 0/41 HPs)
             Began as a Minotaur Chaos Knight on Feb 19, 2018.
             Slain by a gnoll
             ... wielding a cursed -3 spear
              (4 damage)
             ... on level 2 of the Dungeon.
             The game lasted 00:01:07 (1152 turns).

Gorglomux the Skirmisher (Minotaur Chaos Knight)    Turns: 1152, Time: 00:01:08

Health: 0/41       AC:  5    Str: 17    XL:     4   Next: 9%
Magic:  3/3        EV: 12    Int:  9    God:
Gold:   59         SH:  0    Dex: 10    Spells: 3/3 levels left

rFire    . . .     SeeInvis .   a - +0 hand axe (chaos)
rCold    . . .     Gourm    .   (no shield)
rNeg     . . .     Faith    .   b - +2 leather armour
rPois    .         Spirit   .   (helmet restricted)
rElec    .         Reflect  .   (no cloak)
rCorr    .         Harm     .   (no gloves)
MR       .....                  (no boots)
Stlth    +.........             (no amulet)
HPRegen  0.13/turn              (no ring)
MPRegen  0.08/turn              (no ring)

@: no status effects
A: retaliatory headbutt, horns 2
a: no special abilities


You were on level 2 of the Dungeon.
You were not hungry.

You visited 1 branch of the dungeon, and saw 2 of its levels.

You collected 59 gold pieces.

Inventory:

Hand Weapons
 a - a +0 hand axe of chaos (weapon)
Armour
 b - a +2 leather armour (worn)
Scrolls
 e - a scroll of magic mapping {unknown}
 h - 3 scrolls of noise {unknown}
 l - a scroll of identify {unknown}
Potions
 f - 2 potions of curing {unknown}
 g - a potion of might {unknown}
 i - a potion of resistance {unknown}
 k - a potion of agility {unknown}
Comestibles
 c - 3 rations
 j - 7 chunks of flesh


   Skills:
 + Level 4.3 Fighting
 + Level 4.3 Axes
 + Level 3.3 Armour
 + Level 2.3 Dodging


You had 3 spell levels left.
You didn't know any spells.

Dungeon Overview and Level Annotations

Branches:
Dungeon (2/15)

Altars:


Innate Abilities, Weirdness & Mutations

You reflexively headbutt those who attack you in melee.
You have a pair of horns on your head.


Message History

The ball python constricts you!
You closely miss the ball butt! Your headbutt misses the ball python!
The ball butt butt-ly misses you! The ball python constricts you!
The gnoll hits you from afar with an enchanted spear! * * * don't die
* * * You escape the ball python's grasp!
You see here a spear!
The ball python barely misses butt!
The ball python closely misses you!
You see here a spear!
You see here a spear!
There is a stone staircase leading up, spattered with blood here!
The ball python bites you but does no damage!
The ball python grabs you!
You stop ascending the stairs!
The ball python constricts you!
Unknown command!
You escape the ball python's grasp!
The ball butt bites you! * * * don't die
* * * The ball python barely butts you!
The gnoll hits you from afar with an enchanted spear! rip

###.#####...# #.# #..#
##.>...#.....## #.# ###.<#
#.............## #.# ##....#
...............###.####..##.#
...............##.......###.#
...............#...###### #.#
......)..............# #.#
...............#.....# ..#
...............#@....# .##
#...............S....#
##.....#.....#.g##########
###########..g##........#####
#.))# ........#...##
#..g##..#..#..#....##
#.g..#........'.....#
#....#...([...'.....#
####.#..#..#..#g....#


You could see 4 gnolls and a ball python.

Vanquished Creatures
  4 gnolls (D:2)
  2 dart slugs
  7 bats
  3 giant cockroaches
  A hobgoblin (D:1)
  2 jackals (D:1)
  5 kobolds
  3 frilled lizards
  2 goblins (D:1)
  4 rats
33 creatures vanquished.

Notes
Turn   | Place    | Note
-------+----------+-------------------------------------------
     0 | D:1      | Gorglomux the Minotaur Chaos Knight began the quest for the Orb.
     0 | D:1      | Reached XP level 1. HP: 19/19 MP: 0/0
    47 | D:1      | Fell from the grace of Xom
    90 | D:1      | Reached XP level 2. HP: 27/27 MP: 1/1
  1034 | D:2      | Reached skill level 3 in Armour
  1034 | D:2      | Reached XP level 3. HP: 28/33 MP: 2/2
  1091 | D:2      | Reached XP level 4. HP: 34/41 MP: 3/3
  1152 | D:2      | Slain by a gnoll

Vault maps used:
D:1:      dpeg_arrival_water_altar
D:2:      chequers_ecumenical_altar_simple_redux, kennysheep_generic_room_5

Skill      XL: |  1  2  3 |
---------------+----------+-----
Fighting       | 4 |  4.3
Axes           | 4 |  4.3
Armour         | 3 |  3.3
Dodging        | 2 |  2.3

Action                   |  1- 3 |  4- 6 || total
-------------------------+-------+-------++-------
Melee: Hand axe          |    58 |     3 ||    61
       Headbutt          |     3 |       ||     3
Invok: Renounce Religion |     1 |       ||     1
 Stab: Sleeping          |     1 |       ||     1
  Eat: Chunk             |     1 |       ||     1
Armor: Leather armour    |    18 |     5 ||    23
Dodge: Dodged            |    32 |    13 ||    45

Table legend:
 A = Spawn XP
 B = Non-spawn XP
 C = Spawn XP percentage of total XP
 D = Spawn monster count
 E = Non-spawn monster count
 F = Spawn count percentage of total count
 G = Total turns spent on level
                    A         B        C        D         E        F      G
               +---------+---------+-------+---------+---------+-------+---------
         Total |       0 |     106 |   0.0 |       0 |      33 |   0.0 |  1152
               +---------+---------+-------+---------+---------+-------+---------
           D:1 |       0 |      32 |   0.0 |       0 |      20 |   0.0 |  1014
           D:2 |       0 |      74 |   0.0 |       0 |      13 |   0.0 |   138
               +---------+---------+-------+---------+---------+-------+---------
